 Dungeon Crawl Stone Soup version 0.24-a0-335-g06ca16af6c (webtiles) character file.

Game seed: 17641904180340068505

578 MachJacob the Chiller (level 7, -1/46 HPs)
             Began as a Merfolk Ice Elementalist on May 19, 2019.
             Slain by a gnoll sergeant
             ... wielding a +0 trident of piercing
              (4 damage)
             ... on level 4 of the Dungeon.
             The game lasted 00:22:35 (8141 turns).

MachJacob the Chiller (Merfolk Ice Elementalist)    Turns: 8141, Time: 00:22:36

Health: -1/46      AC:  4    Str:  9    XL:     7   Next: 35%
Magic:  7/20       EV: 14    Int: 16    God:
Gold:   315        SH:  0    Dex: 14    Spells: 5/12 levels left

rFire    x . .     SeeInvis .   b - +0 hunting sling
rCold    + . .     Gourm    .   (no shield)
rNeg     . . .     Faith    .   f - +0 robe
rPois    .         Spirit   .   n - +1 helmet
rElec    .         Reflect  .   (no cloak)
rCorr    .         Harm     .   (no gloves)
MR       .....                  (no boots)
Stlth    ++........             (no amulet)
HPRegen  0.15/turn              l - ring of ice
MPRegen  0.17/turn              v - ring of magical power

@: no status effects
A: change form in water, swift swim, stealthy swim
a: no special abilities


You were on level 4 of the Dungeon.
You were very hungry.

You visited 1 branch of the dungeon, and saw 5 of its levels.

You collected 315 gold pieces.

Inventory:

Hand Weapons
 a - a +3 dagger of venom
 b - a +0 hunting sling (weapon)
 u - a +0 trident
Missiles
 i - 268 stones
 j - 16 sling bullets (quivered)
Armour
 f - a +0 robe (worn)
 n - a +1 helmet (worn)
Jewellery
 l - a ring of ice (left hand)
 t - an uncursed ring of protection from cold
 v - a ring of magical power (right hand)
 w - an uncursed ring of ice
Scrolls
 e - a scroll of fog
 y - a scroll of remove curse
 A - 2 scrolls of identify
Potions
 g - a potion of flight
 h - 3 potions of curing
 k - a potion of experience {unknown}
 m - 3 potions of might
 o - 3 potions of brilliance
 r - 3 potions of lignification
 s - 2 potions of haste
 z - a potion of mutation {unknown}
Comestibles
 c - 8 rations
 C - 2 chunks of flesh


   Skills:
 + Level 4.6 Dodging
 - Level 3.0 Stealth
 + Level 3.2 Spellcasting
 - Level 3.0 Conjurations
 * Level 2.2 Summonings
 * Level 5.6 Ice Magic


You had 5 spell levels left.
You knew the following spells:

 Your Spells              Type           Power        Failure   Level  Hunger
a - Freeze                Ice            ####         1%          1    None
b - Summon Ice Beast      Ice/Summ       ###.....     34%         4    ####...
c - Throw Frost           Conj/Ice       ###...       4%          2    ##.....

Your spell library contained the following spells:

 Spells                   Type           Power        Failure   Level  Hunger
 Ozocubu's Armour         Chrm/Ice       ###.....     17%         3    ###....
 Throw Icicle             Conj/Ice       ###.....     30%         4    ####...


Dungeon Overview and Level Annotations

Branches:
Dungeon (5/15)             Temple (0/1) D:5

Altars:
Gozag
Okawaru


Message History

Aim: a gnoll, wielding a +0 short sword You feel a surge of power!
The gnoll sergeant blocks the puff of frost.
The gnoll sergeant hits you from afar with a +0 trident of piercing!
You see here a trident.
Your magical contamination has completely faded away.
There is a stone staircase leading up here.
Found a scroll of identify.
The gnoll sergeant hits you with a +0 trident of piercing!
* * * LOW HITPOINT WARNING * * *
There is a stone staircase leading up, spattered with blood here.
The gnoll sergeant hits you but does no damage.
You climb upwards.
There is a stone staircase leading down here.
The gnoll sergeant hits you from afar with a +0 trident of piercing!
* * * LOW HITPOINT WARNING * * *
x2 You are feeling very hungry.
There is a stone staircase leading up here.
The gnoll sergeant hits you from afar with a +0 trident of piercing.
You die...

#......#..##
#...........
#......#.)#.
##########.#..##
##.............#.
##....^...........
#.................
#..........[......
#@[.............#.
#.......<)......#.
#..g............#.
##..>......[..#...
##...........#..#
##########.....#
##....# ##...#
#....


You could see a gnoll sergeant.

Vanquished Creatures
  3 hounds (D:4)
  3 orc priests (D:4)
  Ijyb (D:4)
  Terence (D:2)
  Natasha (thrice) (D:3)
  8 gnolls
  6 adders
  An ooze (D:4)
  An adder skeleton (D:4)
  3 worms
  4 dart slugs
  2 leopard geckos
  7 orcs
  9 bats
  2 giant cockroaches
  8 goblins
  3 hobgoblins
  8 jackals
  7 quokkas
  3 ball pythons
  8 frilled lizards
  10 kobolds
  10 rats
111 creatures vanquished.

Vanquished Creatures (collateral kills)
  A scorpion (D:4)
1 creature vanquished.

Grand Total: 112 creatures vanquished

Notes
Turn   | Place    | Note
-------+----------+-------------------------------------------
     0 | D:1      | MachJacob the Merfolk Ice Elementalist began the quest for
                  | the Orb.
     0 | D:1      | Reached XP level 1. HP: 13/13 MP: 3/3
   339 | D:1      | Reached XP level 2. HP: 16/19 MP: 0/5
   471 | D:1      | Learned a level 2 spell: Throw Frost
   959 | D:1      | Reached skill level 1 in Conjurations
  1060 | D:1      | Reached XP level 3. HP: 16/24 MP: 2/6
  1673 | D:2      | Reached skill level 4 in Ice Magic
  1687 | D:2      | Reached XP level 4. HP: 23/30 MP: 1/7
  2432 | D:2      | Reached XP level 5. HP: 29/35 MP: 0/8
  2930 | D:2      | Noticed Terence
  3083 | D:2      | Killed Terence
  3865 | D:3      | Found an opulent altar of Gozag.
  4676 | D:3      | Found an iron altar of Okawaru.
  4827 | D:4      | Noticed Natasha
  5411 | D:4      | Reached XP level 6. HP: 26/41 MP: 10/10
  5539 | D:3      | Learned a level 4 spell: Summon Ice Beast
  5571 | D:3      | Killed Natasha
  5571 | D:3      | Reached skill level 5 in Ice Magic
  5851 | D:3      | Found an iron altar of Okawaru.
  5881 | D:3      | Found an opulent altar of Gozag.
  6386 | D:3      | Found an opulent altar of Gozag.
  6424 | D:3      | Noticed Natasha
  6452 | D:3      | Killed Natasha
  6674 | D:3      | Noticed Natasha
  6689 | D:3      | Killed Natasha
  6869 | D:4      | Noticed Ijyb
  6881 | D:4      | Reached skill level 1 in Summonings
  7224 | D:4      | Killed Ijyb
  7375 | D:4      | Reached XP level 7. HP: 41/46 MP: 9/11
  8055 | D:5      | Entered Level 5 of the Dungeon
  8138 | D:4      | HP: 2/46 [gnoll sergeant/+0 trident of piercing (1)]
  8141 | D:4      | Slain by a gnoll sergeant

Levels and vault maps discovered:
D:1:      saegor_arrival_simple_a, layout_basic
D:2:      layout_basic, hex_tiny, minmay_pentomino_z4, uniq_terence
D:3:      layout_basic, marbit_many_paths, lemuel_doored_altar, serial_glass,
          glass_columns_a, glass_columns_b, item_on_display_a, feat_on_display
D:4:      layout_rooms, minmay_tree_intersection, uniq_ijyb, uniq_natasha
D:5:      layout_loops_ring, minmay_temple_entry_tees, first_ration,
          uniq_grinder

Skill      XL: |  1  2  3  4  5  6  7 |
---------------+----------------------+-----
Dodging        | 3 4 |  4.6
Conjurations   | 1 2 3 |  3.0
Stealth        | 3 |  3.0
Ice Magic      | 4 5 |  5.6
Summonings     | 1 2 |  2.2
Spellcasting   | 3 |  3.2

Action                   |  1- 3 |  4- 6 |  7- 9 || total
-------------------------+-------+-------+-------++-------
Melee: Unarmed           |     1 |     4 |       ||     5
       Dagger            |       |    18 |       ||    18
 Fire: Hunting sling     |    28 |    48 |       ||    76
Throw: Stone             |     1 |       |       ||     1
 Cast: Freeze            |    40 |    96 |     9 ||   145
       Throw Frost       |     4 |    62 |    22 ||    88
       Summon Ice Beast  |       |       |     1 ||     1
  Use: Scroll            |       |    10 |     5 ||    15
 Stab: Sleeping          |     1 |       |       ||     1
  Eat: Chunk             |     3 |    18 |     4 ||    25
       Ration            |       |     1 |       ||     1
Armor: Robe              |     2 |     8 |     3 ||    13
Dodge: Dodged            |    27 |    93 |     6 ||   126

Table legend:
 A = Non-vault XP
 B = Vault XP
 C = Vault XP percentage of total XP
 D = Non-vault monster count
 E = Vault monster count
 F = Vault count percentage of total count
                 A         B        C        D         E       F
            +---------+---------+-------+---------+---------+-------
      Total |     703 |     123 |  14.9 |     105 |       7 |   6.2
            +---------+---------+-------+---------+---------+-------
        D:1 |      47 |       0 |   0.0 |      19 |       0 |   0.0
        D:2 |     115 |      51 |  30.7 |      28 |       4 |  12.5
        D:3 |     162 |      36 |  18.2 |      32 |       2 |   5.9
        D:4 |     351 |      36 |   9.3 |      24 |       1 |   4.0
        D:5 |      28 |       0 |   0.0 |       2 |       0 |   0.0
            +---------+---------+-------+---------+---------+-------
